 Dungeon Crawl Stone Soup version 0.30-a0-469-g84de5afbc5 (webtiles) character file.

Game seed: 13796401030867565785

17 Bucket the Insei (level 2, 0/21 HPs)
             Began as a Merfolk Transmuter on Dec 19, 2022.
             Slain by a jackal (2 damage)
             ... on level 2 of the Dungeon.
             The game lasted 00:08:59 (609 turns).

Bucket the Insei (Merfolk Transmuter)                Turns: 609, Time: 00:09:00

Health: 0/21       AC:  2    Str: 10    XL:     2   Next: 62%
Magic:  1/5        EV: 12    Int: 12    God:
Gold:   36         SH:  0    Dex: 14    Spells: 2/5 levels left

rFire   . . .      SeeInvis .    h - +0 long sword
rCold   . . .      Faith    .    c - orb {*channel}
rNeg    . . .      Spirit   .    a - +0 robe
rPois   .          Reflect  .    (no helmet)
rElec   .          Harm     .    (no cloak)
rCorr   .          Rampage  .    (no gloves)
Will    .....                    (no boots)
Stlth   +.........               e - amulet of regeneration
HPRegen 1.03/turn                (no ring)
MPRegen 0.09/turn                (no ring)

@: wereblooded
A: (nimble swimmer 2), mertail
a: no special abilities


You were on level 2 of the Dungeon.
You visited 1 branch of the dungeon, and saw 2 of its levels.

You collected 36 gold pieces.

Inventory:

Hand Weapons
 f - a +0 club
 h - a +0 long sword (weapon)
Armour
 a - a +0 robe (worn)
 c - an orb of energy (worn)
 g - a +2 buckler
Jewellery
 e - an amulet of regeneration (around neck)
Potions
 b - a potion of lignification
 d - a potion of flight
 i - a potion of attraction {unknown}
 j - a potion of brilliance {unknown}


   Skills:
 + Level 1.1 Fighting
 + Level 0.2 Long Blades
 + Level 2.8 Dodging
 + Level 0.5 Stealth
 + Level 3.5 Unarmed Combat
 + Level 2.3 Spellcasting
 + Level 3.0 Transmutations


You had 2 spell levels left.
You knew the following spells:

 Your Spells              Type           Power      Damage    Failure   Level
a - Beastly Appendage     Tmut           16%        N/A       8%          1
b - Wereblood             Tmut           8%         N/A       12%         2

Your spell library contained the following spells:

 Spells                   Type           Power      Damage    Failure   Level
 Blink                    Tloc           2%         N/A       38%         2
 Momentum Strike          Conj/Tloc      2%         3d8       38%         2
 Spider Form              Tmut/Pois      5%         N/A       38%         3
 Lesser Beckoning         Tloc           2%         N/A       63%         3
 Ice Form                 Ice/Tmut       5%         N/A       80%         4


Dungeon Overview and Level Annotations

Branches:
Dungeon (2/15)

Altars:


Innate Abilities, Weirdness & Mutations

((You are very nimble when in or above water. (Stealth+, EV+, Speed+++)))
Your lower body shifts to a powerful aquatic tail in water.


Message History

The bat closely misses you. The jackal closely misses you. x2
The jackal bites you. The bat misses you.
You closely miss the bat. The bat closely misses you.
The jackal barely misses you.
The jackal bites you but does no damage.
The jackal closely misses you. The jackal bites you.
The jackal barely misses you. x2; The jackal bites you.
The jackal bites you but does no damage.
The jackal attacks as you move away! The jackal bites you.
The bat hits you but does no damage. x2; The jackal bites you.
* * * LOW HITPOINT WARNING * * *
The jackal completely misses you. The jackal closely misses you.
The jackal barely misses you.
The jackal bites you but does no damage.
The jackal closely misses you.
You miss the bat. The bat closely misses you. The bat barely misses you.
The jackal barely misses you. The jackal bites you.
The jackal closely misses you.
The jackal bites you but does no damage.
The jackal bites you.
* * * LOW HITPOINT WARNING * * *
The bat barely misses you. The jackal barely misses you.
The jackal closely misses you. The jackal bites you.
* * * LOW HITPOINT WARNING * * *
Casting: Beastly Appendage (safe; 8% risk of failure)
Confirm with . or Enter, or press ? or * to list all spells.
Your blood is infused with primal strength.
The bat barely misses you. The bat hits you.
* * * LOW HITPOINT WARNING * * *
The jackal barely misses you. x2; The jackal closely misses you.
The jackal misses you.
Casting: Wereblood (safe; 12% risk of failure)
Confirm with . or Enter, or press ? or * to list all spells.
Your blood is freshly infused with primal strength!
The bat misses you. The jackal closely misses you. The jackal bites you.
* * * LOW HITPOINT WARNING * * *
The jackal bites you but does no damage.
The jackal misses you. The bat misses you. The jackal misses you. x2
You barely miss the bat. The bat misses you. The jackal bites you.
You die...

... #.......# ... #.......#
... #.......# ...
#.......############ ...
#..................# # ...
#..................#.#
..h###..........h.......#.#.#
..h.h'........Jhhh...>......#
...###........hh@b......#.###
... #.......########.###.#
... ######### #.# # ... #.#
### #.# ... ... ...


You could see an endoplasm, 6 jackals and a bat.

Vanquished Creatures
  A dart slug (D:1)
  3 endoplasms (D:1)
  A goblin (D:1)
  A hobgoblin (D:1)
  2 jackals (D:2)
  A quokka (D:1)
  2 ball pythons (D:1)
  3 rats (D:1)
14 creatures vanquished.

Notes
Turn   | Place    | Note
-------+----------+-------------------------------------------
     0 | D:1      | Bucket the Merfolk Transmuter began the quest for the Orb.
     0 | D:1      | Reached XP level 1. HP: 15/15 MP: 3/3
   253 | D:1      | Reached XP level 2. HP: 21/21 MP: 3/5
   256 | D:1      | Learned a level 2 spell: Wereblood
   608 | D:2      | HP: 1/21 [jackal (2)]
   609 | D:2      | Slain by a jackal

Illustrated notes

Levels and vault maps discovered:
D:1:      sevenhm_arrival_forest_fort_large_4, layout_loops_cross
D:2:      layout_basic, basic_altar, nicolae_concentric_dashed_squares_mild

Skill      XL: |  1  2 |
---------------+-------+-----
Transmutations | 3 |  3.0
Fighting       | |  1.1
Long Blades    | |  0.2
Dodging        | |  2.8
Stealth        | |  0.5
Unarmed Combat | |  3.5
Spellcasting   | |  2.3

Action                   || total
-------------------------++-------
Melee: Unarmed           ||    15
       Headbutt          ||     4
       Long sword        ||    12
       Club              ||     4
 Cast: Beastly Appendage ||    12
       Wereblood         ||     2
  Use: Scroll            ||     1
 Stab: Sleeping          ||     2
Armor: Robe              ||    17
Dodge: Dodged            ||    62

Table legend: (Time is in decaauts)
 A = Elapsed time spent in this place.
 B = Non-inter-level travel time spent in this place.
 C = Inter-level travel time spent in this place.
 D = Time resting spent in this place.
 E = Time spent auto-exploring this place.
 F = Levels seen in this place.
 G = Mean time per level.
                   A        B        C        D        E       F      G
               +--------+--------+--------+--------+--------+-----+--------+
         Total |    612 |    609 |      3 |     44 |      0 |   2 |  306.0 |
       Dungeon |    612 |    609 |      3 |     44 |      0 |   2 |  306.0 |
               +--------+--------+--------+--------+--------+-----+--------+

Top non-repeatable levels by time:
     D:1: 539 daAuts
     D:2: 72 daAuts
